 Dungeon Crawl Stone Soup version 0.23.1-37-gaa34b87 (webtiles) character file.

Game seed: 5909725953619207222

101 vishdafish the Changer (level 4, -1/28 HPs)
             Began as an Octopode Transmuter on Mar 22, 2019.
             Was a Plaything of Xom.
             Slain by an orc priest
             ... wielding a +0 whip
              (2 damage)
             ... on level 3 of the Dungeon.
             The game lasted 00:04:09 (1988 turns).

vishdafish the Changer (Octopode Transmuter)        Turns: 1988, Time: 00:04:09

Health: -1/28      AC:  1    Str: 10    XL:     4   Next: 75%
Magic:  7/7        EV: 13    Int: 15    God:    Xom [.....*]
Gold:   150        SH:  0    Dex: 12    Spells: 4/7 levels left

rFire    . . .     SeeInvis .     - Unarmed
rCold    . . .     Gourm    .   (no shield)
rNeg     . . .     Faith    .   (helmet restricted)
rPois    .         Spirit   .   (no amulet)
rElec    .         Reflect  .   (no ring)
rCorr    .         Harm     .   (no ring)
MR       .....                  (no ring)
Stlth    ++........             (no ring)
HPRegen  0.09/turn              (no ring)
MPRegen  0.10/turn              (no ring)
                                (no ring)
                                (no ring)

@: berserk cooldown
A: almost no armour, stealthy swim, amphibious, 8 rings, constrict 8, camouflage
1, gelatinous body 1
a: Renounce Religion


You were on level 3 of the Dungeon.
You worshipped Xom.
You were Xom's teddy bear.
You were not hungry.

You visited 1 branch of the dungeon, and saw 3 of its levels.

You collected 150 gold pieces.

Inventory:

Missiles
 a - 33 arrows
 k - a throwing net (quivered)
Scrolls
 b - a scroll of amnesia
 d - 2 scrolls of enchant armour
Comestibles
 c - 6 rations


   Skills:
 - Level 1.0 Fighting
 - Level 2.0 Dodging
 - Level 3.0 Unarmed Combat
 - Level 2.0 Spellcasting
 + Level 4.8 Transmutations


You had 4 spell levels left.
You knew the following spells:

 Your Spells              Type           Power        Failure   Level  Hunger
a - Beastly Appendage     Tmut           ###...       3%          1    #......
b - Sticks to Snakes      Tmut           ###.....     4%          2    ###....

Your spell library contained the following spells:

 Spells                   Type           Power        Failure   Level  Hunger
 Confusing Touch          Hex            #.....       22%         1    #......
 Spider Form              Tmut/Pois      #.........   26%         3    ###....
 Confuse                  Hex            #.......     54%         3    ###....
 Gell's Gravitas          Tloc           #.........   54%         3    ###....
 Ice Form                 Ice/Tmut       #.......     63%         4    #####..
 Petrify                  Tmut/Erth      #.......     63%         4    #####..
 Blade Hands              Tmut           ###.......   63%         5    ######.
 Yara's Violent Unravell  Hex/Tmut       #.........   93%         5    ######.
 Metabolic Englaciation   Hex/Ice        #.........   99%         5    ######.


Dungeon Overview and Level Annotations

Branches:
Dungeon (3/15)

Altars:
Sif Muna
Xom

Annotations:
D:3 Blork the orc


Innate Abilities, Weirdness & Mutations

You cannot wear most types of armour.
You are very stealthy in the water. (Stealth+)
You are amphibious.
You can wear up to eight rings at the same time.
You can use your tentacles to constrict eight enemies at once.
Your skin changes colour to match your surroundings (Stealth+).
Your rubbery body absorbs attacks. (AC +1, EV +1)


Message History

You kill the orc!
You tentacle-slap the orc. Your grab misses the orc. You squeeze the orc.
You kill the orc!
The orc priest hits you with a +0 whip.
The orc priest casts a cantrip, but nothing happens.
Items here: ))) [ †† You completely miss the orc priest.
Your grab misses the orc priest.
The orc priest casts a cantrip, but nothing happens.
You tentacle-slap the orc priest. Your grab misses the orc priest.
The orc priest is moderately wounded.
You feel yourself speed up. The orc priest barely misses you.
The orc priest mumbles some strange prayers to Beogh against you.
Beogh smites you!
* * * LOW HITPOINT WARNING * * *
You aren't carrying any potions.
You tentacle-slap the orc priest. You grab the orc priest.
The orc priest is severely wounded.
You constrict the orc priest. The orc priest hits you with a +0 whip.
You die...

#### ..# #### #.#
.....##.### ...........
######.###
.o.####################.#
#
..[......o@.............#
#
#.....###########...#####
# ##.## ##########...# #
.........#...# #
########.#...# # #..####
# ##.# #.## #..#


You could see an orc priest.

Vanquished Creatures
  3 adders (D:2)
  A howler monkey skeleton (D:3)
  An ooze (D:1)
  A worm (D:2)
  2 dart slugs (D:1)
  2 leopard geckos (D:1)
  3 orcs (D:3)
  2 giant cockroaches (D:1)
  7 goblins
  5 hobgoblins
  7 kobolds
  A quokka (D:3)
  A ball python (D:2)
  2 bats (D:1)
  3 frilled lizards
  7 rats
48 creatures vanquished.

Notes
Turn   | Place    | Note
-------+----------+-------------------------------------------
     0 | D:1      | vishdafish the Octopode Transmuter began the quest for the
                  | Orb.
     0 | D:1      | Reached XP level 1. HP: 13/13 MP: 3/3
    67 | D:1      | Reached XP level 2. HP: 10/18 MP: 5/5
   147 | D:1      | Reached skill level 3 in Transmutations
   360 | D:1      | Learned a level 2 spell: Sticks to Snakes
   401 | D:1      | Reached XP level 3. HP: 1/23 MP: 6/6
  1062 | D:2      | Reached skill level 4 in Transmutations
  1082 | D:2      | Reached XP level 4. HP: 24/28 MP: 7/7
  1160 | D:2      | Found a shimmering altar of Xom.
  1414 | D:2      | Became a worshipper of Xom of Chaos
  1612 | D:2      | XOM: harmless Ice miscast
  1905 | D:3      | Noticed Blork the orc
  1923 | D:3      | XOM: polymorph Blork the orc -> Blork the orc
  1924 | D:3      | Found a deep blue altar of Sif Muna.
  1943 | D:3      | XOM: scenery: create altars
  1949 | D:3      | HP: 1/28 [Blork the orc/magic dart (5)]
  1961 | D:3      | XOM: 3-stop teleportation journey
  1987 | D:3      | HP: 1/28 [orc priest/divine providence (8)]
  1988 | D:3      | Slain by an orc priest

Skill      XL: |  1  2  3 |
---------------+----------+-----
Transmutations | 3 4 |  4.8
Fighting       | |  1.0
Dodging        | |  2.0
Unarmed Combat | |  3.0
Spellcasting   | |  2.0

Action                   |  1- 3 |  4- 6 || total
-------------------------+-------+-------++-------
Melee: Unarmed           |    68 |    40 ||   108
       Constrict         |    23 |    13 ||    36
       Tentacles         |    19 |    10 ||    29
       Kick              |     4 |       ||     4
       Punch             |       |     1 ||     1
 Cast: Beastly Appendage |     3 |       ||     3
  Use: Scroll            |     1 |     3 ||     4
       Potion            |       |     4 ||     4
 Stab: Sleeping          |     4 |     4 ||     8
  Eat: Ration            |       |     1 ||     1
Armor: Skin              |     6 |       ||     6
Dodge: Dodged            |    45 |    22 ||    67
